 Dungeon Crawl Stone Soup version 0.29.1-2-gbd0b4ee654 (webtiles) character file.

Game seed: 13485658249771070737

973 qeuew the Conjurer (level 8, 0/45 HPs)
             Began as a Tengu Conjurer on Nov 7, 2022.
             Was a Follower of Elyvilon.
             Slain by a black bear (4 damage)
             ... on level 5 of the Dungeon.
             The game lasted 00:12:59 (5464 turns).

qeuew the Conjurer (Tengu Conjurer)                 Turns: 5464, Time: 00:13:01

Health: 0/45       AC:  0    Str: 15    XL:     8   Next: 16%
Magic:  12/15      EV: 16    Int: 18    God:    Elyvilon [*.....]
Gold:   230        SH:  0    Dex: 14    Spells: 9/15 levels left

rFire   . . .      SeeInvis .   a - +0 falchion
rCold   . . .      Faith    .   (no shield)
rNeg    . . .      Spirit   .   (no body armour)
rPois   .          Reflect  .   (helmet restricted)
rElec   .          Harm     .   k - scarf {+Inv}
rCorr   .          Rampage  .   (no gloves)
Will    +....                   (boots unavailable)
Stlth   ++........              (no amulet)
HPRegen 0.15/turn               e - +6 ring of strength
MPRegen 0.14/turn               (no ring)

@: flying quickly and evasively, quick
A: beak, talons 3, nimble flight, strong-willed 1
a: Renounce Religion, Evoke Invisibility, Purification


You were on level 5 of the Dungeon.
You worshipped Elyvilon.
Elyvilon was aware of your devotion.
You visited 2 branches of the dungeon, and saw 6 of its levels.

You collected 244 gold pieces.
You spent 14 gold pieces at shops.

Inventory:

Hand Weapons
 a - a +0 falchion (weapon)
Armour
 j - the +0 leather armour of Hangman {-Tele rElec Dex+4}
   (You found it on level 5 of the Dungeon)

   Dex:       It affects your dexterity (+4).
   rElec:     It insulates you from electricity.
   -Tele:     It prevents most forms of teleportation.
 k - a scarf of invisibility (worn)
Jewellery
 e - a +6 ring of strength (left hand)
Wands
 d - a wand of roots (4)
Scrolls
 f - a scroll of fog
 g - 2 scrolls of enchant armour
 i - a scroll of identify
Potions
 b - 2 potions of magic
 c - a potion of might
 h - a potion of lignification {unknown}


   Skills:
 * Level 2.7 Fighting
 - Level 2.1(2.6) Short Blades
 * Level 2.1(2.6) Long Blades
 * Level 4.1 Armour
 * Level 4.0 Dodging
 - Level 2.0 Stealth
 * Level 4.4 Spellcasting
 * Level 7.5 Conjurations
 * Level 0.6 Hexes


You had 9 spell levels left.
You knew the following spells:

 Your Spells              Type           Power      Damage    Failure   Level
a - Magic Dart            Conj           100%       1d8       1%          1
b - Searing Ray           Conj           62%        2d6       1%          2
c - Dazzling Flash        Conj/Hex       36%        N/A       9%          3

Your spell library contained the following spells:

 Spells                   Type           Power      Damage    Failure   Level
 Shock                    Conj/Air       68%        1d7       3%          1
 Static Discharge         Conj/Air       17%        3-6/arc   4%          2
 Necrotise                Necr           12%        1d4       14%         1
 Sting                    Tmut/Pois      12%        1d3       14%         1
 Poisonous Vapours        Pois/Air       6%         N/A       22%         2
 Fulminant Prism          Conj/Hex       9%         3d7       26%         4
 Iskenderun's Mystic Bla  Conj/Tloc      17%        2d5       30%         4
 Swiftness                Air            3%         N/A       38%         3
 Vampiric Draining        Necr           3%         2d6       38%         3
 Lightning Bolt           Conj/Air       8%         1d21      63%         5
 Airstrike                Air            1%         2d(1-17)  80%         4
 Corpse Rot               Necr/Pois/Air  3%         N/A       80%         4
 Olgreb's Toxic Radiance  Pois           3%         N/A       80%         4
 Agony                    Necr           3%         N/A       98%         5
 Maxwell's Capacitive Co  Air            1%         ∞         100%        8


Dungeon Overview and Level Annotations

Branches:
Dungeon (5/15)             Temple (1/1) D:4

Altars:
Ashenzari
Cheibriados
Elyvilon
Kikubaaqudgha
Makhleb
Nemelex Xobeh
Okawaru
Qazlal
Ru
Sif Muna
Trog
Uskayaw
Vehumet
Xom
Zin
The Shining One

Shops:
D:1 =   D:3 !

Portals:
Abyss: D:3

Annotations:
D:3 2 transporters, silentkaos13's ghost, amateur DENe


Innate Abilities, Weirdness & Mutations

You have a beak for a mouth.
You have claws for feet.
Your magical nature lets you fly swiftly and evasively.
You are strong-willed. (Will+)


Message History

The black bear growls angrily.
The magic dart hits the black bear.
The black bear is heavily wounded.
The magic dart hits the black bear but does no damage.
The black bear is moderately wounded.
The magic dart hits the black bear.
The black bear is heavily wounded.
The black bear bites you. The black bear claws you. x2
You barely miss the black bear. Your kick misses the black bear.
You peck the black bear, but do no damage.
The black bear is heavily wounded.
The black bear barely misses you. The black bear claws you.
The black bear completely misses you.
You completely miss the black bear. You claw the black bear.
The black bear is heavily wounded.
The black bear barely misses you. x2; The black bear misses you.
The black bear closely misses you. The black bear claws you. x2
You are too injured to fight recklessly!
You are too injured to fight recklessly!
You are too injured to fight recklessly!
You hit the black bear. You claw the black bear.
The black bear is severely wounded.
The black bear misses you. The black bear claws you. x2
* * * LOW HITPOINT WARNING * * *
You closely miss the black bear.
You claw the black bear, but do no damage.
The black bear is severely wounded.
The black bear barely misses you. The black bear claws you.
* * * LOW HITPOINT WARNING * * *
The black bear barely misses you.
You closely miss the black bear. You claw the black bear.
The black bear is almost dead.
The black bear goes berserk!
You closely miss the black bear.
The black bear is almost dead.
The black bear misses you. The black bear claws you!
* * * LOW HITPOINT WARNING * * *
The black bear barely misses you. The black bear completely misses you.
The black bear claws you.
You die...

#####..##....#............+....#.
...##..##....#............#....'.
...#..!......#............#.##.#.
...#.........#..<.####+####.#####
...#.........'....#......#...#
...#.........#....'......'...#
...#...##....#....########...#
...###+##....#......# ##### ...#
######..@...# ...# .......h...#
...### ...........# ......
...........# ...... ....(......#
...... ...........# ......
.....####... ....(. ..... ....
####..


You could see a black bear (berserk).

Vanquished Creatures
  Duvessa (D:4)
  A phantom (D:5)
  3 scorpions
  Dowan (D:4)
  4 crimson imps (D:3)
  4 hounds (D:5)
  2 orc priests (D:4)
  An orc wizard (D:4)
  2 iguanas
  Natasha (D:3)
  8 adders
  A worm (D:2)
  3 dart slugs (D:4)
  4 orcs (D:4)
  4 ball pythons
  4 endoplasms
  4 giant cockroaches
  8 goblins
  4 hobgoblins
  3 jackals (D:4)
  5 quokkas
  2 bats (D:1)
  2 frilled lizards
  7 kobolds
  3 rats
82 creatures vanquished.

Vanquished Creatures (others)
  4 fungi (D:3)
  11 plants (D:3)
15 creatures vanquished.

Grand Total: 97 creatures vanquished

Notes
Turn   | Place    | Note
-------+----------+-------------------------------------------
     0 | D:1      | qeuew the Tengu Conjurer began the quest for the Orb.
     0 | D:1      | Reached XP level 1. HP: 10/10 MP: 4/4
   199 | D:1      | Reached XP level 2. HP: 16/16 MP: 1/6
   209 | D:1      | Learned a level 2 spell: Searing Ray
   697 | D:1      | Found Hisydofine's Jewellery Boutique.
  1078 | D:2      | Reached XP level 3. HP: 20/20 MP: 3/7
  1250 | D:2      | Reached skill level 6 in Conjurations
  1405 | D:2      | Reached skill level 1 in Armour
  1783 | D:2      | Reached skill level 1 in Fighting
  1783 | D:2      | Reached XP level 4. HP: 25/25 MP: 2/8
  1993 | D:2      | Gained mutation: You are strong-willed. (Will+) [potion of
                  | mutation]
  2109 | D:3      | Noticed silentkaos13's ghost (amateur DENe)
  2116 | D:3      | Found a transporter.
  2119 | D:3      | Found a transporter.
  2250 | D:3      | Found a shimmering altar of Xom.
  2271 | D:3      | Reached skill level 1 in Short Blades
  2280 | D:3      | Gained mutation: Your magical nature lets you fly swiftly
                  | and evasively. [Tengu growth]
  2280 | D:3      | Reached XP level 5. HP: 20/29 MP: 5/10
  2657 | D:3      | Found a glowing golden altar of the Shining One.
  2658 | D:3      | Found a sparkling altar of Nemelex Xobeh.
  2703 | D:3      | Noticed Natasha
  2709 | D:3      | Killed Natasha
  2710 | D:3      | Reached XP level 6. HP: 35/35 MP: 4/11
  2875 | D:3      | Found a one-way gate to the infinite horrors of the Abyss.
  2959 | D:3      | Found a faded altar of an unknown god.
  3157 | D:3      | Found Tegewali's Distillery.
  3165 | D:3      | Bought a potion of degeneration for 14 gold pieces
  3600 | D:4      | Noticed Duvessa
  3600 | D:4      | Noticed Dowan
  3610 | D:4      | Killed Duvessa
  3611 | D:4      | Reached XP level 7. HP: 16/40 MP: 4/13
  3619 | D:4      | Found a staircase to the Ecumenical Temple.
  3621 | D:4      | Killed Dowan
  3622 | D:4      | Reached skill level 1 in Long Blades
  3622 | D:4      | Reached skill level 7 in Conjurations
  4331 | Temple   | Entered the Ecumenical Temple
  4379 | Temple   | Became a worshipper of Elyvilon the Healer
  4534 | D:5      | Entered Level 5 of the Dungeon
  4549 | D:5      | Learned a level 3 spell: Dazzling Flash
  4659 | D:5      | Found a broken altar of Ashenzari.
  4664 | D:5      | Identified the +0 leather armour of Hangman {-Tele rElec
                  | Dex+4}
  4982 | D:5      | Reached * piety under Elyvilon
  5056 | D:5      | Reached XP level 8. HP: 40/45 MP: 13/15
  5464 | D:5      | Slain by a black bear

Illustrated notes

Levels and vault maps discovered:
D:1:      dpeg_arrival_pond, layout_loops_ring, serial_shops, shop,
          kennysheep_another_room, minmay_misc_feat_encased, minmay_unequal
D:2:      layout_loops_ring
D:3:      layout_basic, nicolae_overflow_two_pavilions, led_xom_imps,
          serial_shops, nicolae_lakefront_shop, gammafunk_ghost_abyssal_escape,
          shapermc_ecumenical_altar_mp_urbaneastern,
          wander_ebering_terrifying_dragon_lair, uniq_natasha
D:4:      layout_loops_ring, temple_doors_cd, solitary_fountain, kennysheep_nub,
          uniq_duvessa
D:5:      layout_gridville, lemuel_tele_altar
Temple:   hellmonk_temple_two_chambers

Skill      XL: |  1  2  3  4  5  6  7  8 |
---------------+-------------------------+-----
Conjurations   | 6 7 |  7.5
Armour         | 1 2 3 4 |  4.1
Fighting       | 1 2 |  2.7
Short Blades   | 1 2 |  2.1
Spellcasting   | 3 4 |  4.4
Dodging        | 3 4 |  4.0
Long Blades    | 2 |  2.1
Stealth        | |  2.0
Hexes          | |  0.6

Action                   |  1- 3 |  4- 6 |  7- 9 || total
-------------------------+-------+-------+-------++-------
Melee: Dagger            |     6 |    69 |       ||    75
       Kick              |     1 |    15 |    13 ||    29
       Peck              |       |    11 |     7 ||    18
       Falchion          |       |     1 |    39 ||    40
 Cast: Magic Dart        |    57 |    81 |    71 ||   209
       Searing Ray       |       |     2 |       ||     2
  Use: Scroll            |     3 |     5 |     1 ||     9
       Potion            |     1 |     2 |       ||     3
Armor: Robe              |     1 |       |       ||     1
       Ring mail         |     3 |    27 |     4 ||    34
Dodge: Dodged            |     7 |    30 |    44 ||    81
